 Dungeon Crawl Stone Soup version 0.30.0-15-g856e2d3f33 (webtiles) character file.

Game seed: 14071500737225664664

16203 VictoriousLee the Cleaver (level 12, -4/97 HPs)
             Began as a Formicid Earth Elementalist on May 16, 2023.
             Was an Initiate of Gozag.
             Slain by a jumping spider (12 damage)
             ... on level 3 of the Lair of Beasts on May 19, 2023.
             The game lasted 01:48:37 (12931 turns).

VictoriousLee the Cleaver (FoEE)                   Turns: 12931, Time: 01:48:38

Health: -4/97      AC: 11    Str: 13    XL:     12   Next: 67%
Magic:  3/21       EV:  4    Int: 20    God:    Gozag
Gold:   1495       SH:  0    Dex: 14    Spells: 11/23 levels left

rFire   . . .        a - staff of earth
rCold   + . .        F - +2 kite shield
rNeg    + . .        c - +3 ring mail {rPois}
rPois   +            (helmet unavailable)
rElec   .            q - +1 cloak
rCorr   .            h - +0 pair of gloves
SInv    +            (no boots)
Will    +....        W - amulet of reflection
Stlth   +            d - ring of protection from cold
HPRegen 0.36/turn    e - ring of positive energy
MPRegen 0.17/turn

%: reflection
@: gold aura, very slightly contaminated, held
A: permanent stasis, dig shafts and tunnels, antennae 3, four strong arms
a: Dig, Shaft Self, Renounce Religion, Potion Petition, Call Merchant, Bribe
Branch


You were on level 3 of the Lair of Beasts.
You worshipped Gozag.
Gozag was most pleased with you.
You visited 3 branches of the dungeon, and saw 13 of its levels.
You also visited: Sewer and Ossuary.

You collected 2084 gold pieces.
You paid 589 gold pieces to Gozag.

Inventory:

Hand Weapons
 b - a +3 spear of freezing
 m - a +4 whip
 s - a +2 heavy mace
 y - a +0 hand axe of freezing
 M - a +1 vampiric whip
 X - a +3 spear
Missiles
 B - 14 boomerangs
 D - 8 javelins
 H - 7 curare-tipped darts
 K - 13 poisoned darts
 Q - a throwing net
Armour
 c - a +3 ring mail of poison resistance (worn)
 h - a +0 pair of gloves (worn)
 o - the +1 ring mail of the Arena {rElec rC+ Will+ MP+9}
   (You found it on level 9 of the Dungeon)

   rC:        It protects you from cold.
   rElec:     It insulates you from electricity.
   MP:        It affects your magic capacity (+9).
   Will:      It increases your willpower.
 q - a +1 cloak (worn)
 z - the +0 chain mail of Cheibriados's Approval {rC+ Dex+4}
   (You found it on level 3 of the Lair of Beasts)

   Dex:       It affects your dexterity (+4).
   rC:        It protects you from cold.
 F - a +2 kite shield (worn)
Magical Staves
 a - a staff of earth (weapon)
 p - a staff of cold
Jewellery
 d - a ring of protection from cold (left hand)
 e - a ring of positive energy (right hand)
 l - a ring of poison resistance
 t - a ring of fire
 I - an amulet of the acrobat
 W - an amulet of reflection (around neck)
Wands
 w - a wand of flame (98)
 E - a wand of iceblast (8)
 J - a wand of charming (14)
Scrolls
 k - 2 scrolls of fog {unknown}
 n - 5 scrolls of noise {unknown}
 u - 5 scrolls of teleportation {unknown}
 v - 3 scrolls of silence {unknown}
 C - 2 scrolls of butterflies {unknown}
 G - 3 scrolls of magic mapping {unknown}
 L - 3 scrolls of poison {unknown}
 O - 3 scrolls of fear {unknown}
 S - 4 scrolls of vulnerability {unknown}
 U - a scroll of enchant weapon
 Y - a scroll of immolation
Potions
 f - 3 potions of attraction
 g - 3 potions of might
 i - 7 potions of curing
 r - 2 potions of lignification
 x - 4 potions of mutation
 N - 2 potions of ambrosia
 P - 5 potions of brilliance
 T - 3 potions of flight
 V - 2 potions of magic
 Z - a potion of resistance {unknown}


   Skills:
 - Level 10.2 Fighting
 - Level 11.7(11.8) Axes
 - Level 0.2(7.4) Maces & Flails
 - Level 1.3 Armour
 - Level 1.7 Dodging
 - Level 2.4 Stealth
 - Level 1.6 Shields
 - Level 6.0 Spellcasting
 - Level 3.0 Conjurations
 + Level 6.7 Transmutations
 * Level 11.6 Earth Magic


You had 11 spell levels left.
You knew the following spells:

 Your Spells              Type           Power      Damage    Failure   Level
a - Sandblast             Erth           100%       2d20      1%          1
p - Passwall              Tmut/Erth      49%        N/A       3%          2
r - Lee's Rapid Deconstr  Erth           34%        3d17*     21%         5
s - Petrify               Tmut/Erth      59%        N/A       21%         4

Your spell library contained the following spells:

 Spells                   Type           Power      Damage    Failure   Level
 Beastly Appendage        Tmut           64%        N/A       5%          1
 Wereblood                Tmut           32%        N/A       9%          2
 Stone Arrow              Conj/Erth      100%       3d13      13%         3
 Magic Dart               Conj           72%        1d6       26%         1
 Searing Ray              Conj           36%        2d5       36%         2
 Spider Form              Tmut/Pois      19%        N/A       54%         3
 Leda's Liquefaction      Hex/Erth       22%        N/A       61%         4
 Apportation              Tloc           12%        N/A       65%         1
 Necrotise                Necr           24%        1d5       65%         1
 Summon Small Mammal      Summ           24%        N/A       65%         1
 Ignite Poison            Fire/Tmut/Pois 14%        N/A       71%         3
 Gell's Gravitas          Tloc           6%         N/A       95%         3
 Inner Flame              Hex/Fire       6%         N/A       95%         3
 Teleport Other           Tloc           6%         N/A       95%         3
 Statue Form              Tmut/Erth      39%        N/A       97%         6
 Fulminant Prism          Conj/Hex       6%         3d6       99%         4
 Sticky Flame             Conj/Fire      12%        2d4       99%         4
 Yara's Violent Unravell  Hex/Tmut       9%         3d6       99%         5
 Anguish                  Hex/Necr       3%         N/A       100%        4
 Cause Fear               Hex            3%         N/A       100%        4
 Dispersal                Tloc           3%         N/A       100%        6
 Enfeeble                 Hex            3%         N/A       100%        7
 Ignition                 Fire           3%         3d4       100%        8


Dungeon Overview and Level Annotations

Branches:
Dungeon (9/15)             Temple (1/1) D:5            Lair (3/5) D:8
 Spider (0/4) Lair:3        Sewer (visited)         Ossuary (visited)
  Swamp: Lair:2-3    Shoals: Lair:2-3       Orc: D:9-12

Altars:
Ashenzari
Cheibriados
Dithmenos
Fedhas
Gozag
Hepliaklqana
Kikubaaqudgha
Makhleb
Nemelex Xobeh
Okawaru
Qazlal
Ru
Sif Muna
Trog
Uskayaw
Vehumet
Wu Jian
Xom
Yredelemnul
Zin
The Shining One

Shops:
D:8 !   D:9 *


Innate Abilities, Weirdness & Mutations

You cannot be hasted, slowed, berserked, paralysed or teleported.
You can dig through walls and to a lower floor.
You have a pair of large antennae on your head. (SInv)
Your four strong arms can wield two-handed weapons with a shield.


Message History

Aiming: Sandblast (safe; 1% risk of failure)
Press: ? - help, Q - select action, (/) - cycle Shift-Dir - straight line You feel a surge of power!
The blast of sand hits the skyshark!!
The skyshark is almost dead.
The skyshark bites you!!
* * * LOW HITPOINT WARNING * * *
You block the skyshark's attack. x2
The skyshark bites you but does no damage.
The skyshark tail-slaps you!
* * * LOW HITPOINT WARNING * * *
The skyshark tail-slaps you.
* * * LOW HITPOINT WARNING * * *
A bullfrog comes into view.
You feel much better. You block the skyshark's attack.
The skyshark barely misses you.
The skyshark tail-slaps you but does no damage.
You block the skyshark's attack. The skyshark tail-slaps you!
* * * LOW HITPOINT WARNING * * *
The skyshark tail-slaps you but does no damage.
Aiming: Sandblast (safe; 1% risk of failure)
Press: ? - help, Q - select action, (/) - cycle Shift-Dir - straight line
Okay, then.
Casting: Sandblast (safe; 1% risk of failure)
Confirm with . or Enter, or press ? or * to list all spells.
Okay, then.
Casting: Sandblast (safe; 1% risk of failure)
Confirm with . or Enter, or press ? or * to list all spells.
Aiming: Sandblast (safe; 1% risk of failure)
Press: ? - help, Shift-Dir - straight line, f - skyshark
Aim: a skyshark (almost dead, berserk, 89% to hit)
You feel a surge of power!
The blast of sand hits the skyshark!!
You kill the skyshark!
The bullfrog is distracted by your dazzling golden aura.
The jumping spider pounces on you!
* * * LOW HITPOINT WARNING * * *
You are caught in a web!
The jumping spider bites you but does no damage.
The jumping spider pounces on you!
You die...
Your body crumbles into a pile of gold.

.... #######........ ....
# #^#.#.#........ .....
##. ##.#^##........
..F..##^###^#.#^#........
.....≈...#^#.#...........
.....≈.>..#^#............
#..≈...###.#....##P....
#s###.###.#.##..)..
##@#^#.#.###..#....
#.#.#.#.###.##.....
######.####.##.....
###### #......... ##....#
##..#.....
........###.###....
.......$.#.........
....................
.....................


You could see a jumping spider and a bullfrog (unaware).

Vanquished Creatures
  Gastronok (Lair:1)
  Harold (Lair:2)
  2 two-headed ogres
  A skyshark (Lair:3)
  A cyclops (D:9)
  4 cane toads
  Psyche (D:8)
  A komodo dragon (Lair:1)
  A rime drake (Lair:2)
  A troll (D:9)
  Prince Ribbit (D:6)
  3 blink frogs (Lair:1)
  A shadow (D:9)
  A jumping spider (Lair:3)
  26 yaks
  2 wyverns
  2 steam dragons (D:7)
  5 redbacks (Lair:3)
  An acid dragon (D:7)
  8 water moccasins
  2 orc warriors
  2 sky beasts
  2 black bears
  An ice beast (D:5)
  2 ogres
  2 centaurs
  3 elf zombies (Ossuary)
  2 kobold brigands (D:4)
  7 bullfrogs
  2 necrophages (D:5)
  2 gnoll sergeants
  2 scorpions
  A wyvern zombie (D:5)
  2 water moccasin zombies (D:5)
  5 wights
  3 killer bees (D:9)
  An electric eel (Lair:2)
  3 centaur zombies (Ossuary)
  2 human zombies
  2 bullfrog zombies (D:5)
  3 orc priests
  A hound (D:7)
  3 jellies
  A gnoll bouda (D:7)
  3 iguanas
  A sleepcap (D:5)
  5 orc wizards
  A hell rat (Sewer)
  A hound zombie (Ossuary)
  7 mummies
  17 gnolls
  Robin (D:2)
  8 adders
  4 river rats
  A shadow imp (D:6)
  A white imp (D:7)
  An ufetubus (D:5)
  2 adder zombies (Ossuary)
  5 worms
  2 dart slugs
  20 orcs
  5 ball pythons
  6 bats
  5 endoplasms
  5 giant cockroaches
  A gnoll zombie (Ossuary)
  14 goblins
  8 hobgoblins
  4 jackals (D:1)
  6 quokkas
  5 frilled lizards
  7 goblin zombies (Ossuary)
  A hobgoblin zombie (Ossuary)
  4 jackal zombies (Ossuary)
  13 kobolds
  A kobold zombie (Ossuary)
  An orc zombie (Ossuary)
  6 quokka zombies (Ossuary)
  6 rats
  5 rat zombies (Ossuary)
303 creatures vanquished.

Notes
Turn   | Place    | Note
-------+----------+-------------------------------------------
     0 | D:1      | VictoriousLee the Formicid Earth Elementalist began the
                  | quest for the Orb.
     0 | D:1      | Reached XP level 1. HP: 13/13 MP: 3/3
    97 | D:1      | Reached XP level 2. HP: 16/19 MP: 1/5
   339 | D:1      | Reached XP level 3. HP: 24/24 MP: 4/6
   430 | D:1      | Reached skill level 5 in Earth Magic
   916 | D:2      | Found a basalt altar of Yredelemnul.
  1246 | D:2      | Noticed Robin
  1275 | D:2      | Reached XP level 4. HP: 30/30 MP: 5/7
  1365 | D:2      | Killed Robin
  1894 | D:3      | Reached XP level 5. HP: 32/35 MP: 5/8
  2473 | D:3      | Found a glowing golden altar of the Shining One.
  2576 | D:3      | Found an opulent altar of Gozag.
  2754 | D:4      | Reached XP level 6. HP: 39/41 MP: 7/10
  2979 | D:4      | Learned a level 2 spell: Passwall
  2981 | D:4      | Learned a level 1 spell: Magic Dart
  2988 | D:4      | Found a stormy altar of Qazlal.
  3039 | D:4      | Reached XP level 7. HP: 29/46 MP: 7/14
  3055 | D:4      | Reached skill level 5 in Spellcasting
  3055 | D:4      | Reached skill level 1 in Conjurations
  3289 | D:4      | Found a shadowy altar of Dithmenos.
  3610 | D:4      | Found a snail-covered altar of Cheibriados.
  3636 | D:5      | Entered Level 5 of the Dungeon
  3642 | D:5      | Found a staircase to the Ecumenical Temple.
  3745 | Temple   | Entered the Ecumenical Temple
  3908 | Temple   | Upgraded the game from 0.30.0-10-gfe55d96785 to
                  | 0.30.0-13-g156ef70053
  3977 | D:3      | Became a worshipper of Gozag Ym Sagoz the Greedy
  4044 | D:5      | Found a broken altar of Ashenzari.
  4082 | D:5      | Reached XP level 8. HP: 52/52 MP: 10/15
  4398 | D:5      | Found a hazy altar of Hepliaklqana.
  4656 | D:5      | Found an ancient bone altar of Kikubaaqudgha.
  4845 | D:5      | Reached skill level 10 in Earth Magic
  5199 | D:6      | Reached XP level 9. HP: 49/57 MP: 11/16
  5334 | D:6      | Reached skill level 1 in Fighting
  5342 | D:6      | Found a shimmering altar of Xom.
  5475 | D:6      | Noticed Prince Ribbit
  5486 | D:6      | Killed Prince Ribbit
  5705 | D:6      | Found a glowing drain.
  5712 | Sewer    | Entered a sewer
  6233 | D:6      | Reached skill level 5 in Fighting
  6607 | D:7      | Found a hide-covered altar of Uskayaw.
  6647 | D:7      | Found a blossoming altar of Fedhas.
  6710 | D:7      | Reached XP level 10. HP: 63/79 MP: 12/19
  7306 | D:7      | Noticed a two-headed ogre
  7316 | D:7      | Killed a two-headed ogre
  7630 | D:8      | Found Lack's Distillery.
  7729 | D:8      | Found a sand-covered staircase.
  7734 | Ossuary  | Entered an ossuary
  7769 | Ossuary  | Reached skill level 5 in Axes
  8307 | D:8      | Noticed Psyche
  8313 | D:8      | Killed Psyche
  8504 | D:8      | Found a staircase to the Lair.
  9246 | D:9      | Reached XP level 11. HP: 65/89 MP: 14/20
  9320 | D:9      | Identified the +1 ring mail of the Arena {rElec rC+ Will+
                  | MP+9}
  9351 | D:9      | Noticed a cyclops
  9362 | D:9      | Killed a cyclops
  9515 | D:9      | Noticed a two-headed ogre
  9520 | D:9      | Killed a two-headed ogre
  9521 | D:9      | Reached skill level 10 in Fighting
  9817 | D:9      | Found Zemuf's General Store.
 10346 | D:8      | Upgraded the game from 0.30.0-13-g156ef70053 to
                  | 0.30.0-15-g856e2d3f33
 10348 | Lair:1   | Entered Level 1 of the Lair of Beasts
 10548 | Lair:1   | Noticed Gastronok
 10560 | Lair:1   | Killed Gastronok
 10748 | Lair:1   | Reached skill level 10 in Axes
 10897 | Lair:1   | Reached XP level 12. HP: 63/97 MP: 17/21
 11563 | Lair:2   | Reached skill level 5 in Transmutations
 11590 | Lair:2   | Noticed Harold
 11603 | Lair:2   | Killed Harold
 11952 | Lair:2   | Noticed a boulder beetle
 12022 | Lair:2   | Reached skill level 1 in Shields
 12037 | Lair:2   | Reached skill level 1 in Armour
 12645 | Lair:3   | Learned a level 5 spell: Lee's Rapid Deconstruction
 12650 | Lair:3   | Learned a level 4 spell: Petrify
 12722 | Lair:3   | Identified the +0 chain mail of Cheibriados's Approval {rC+
                  | Dex+4}
 12918 | Lair:3   | Found a hole to the Spider Nest.
 12920 | Lair:3   | Noticed a skyshark
 12931 | Lair:3   | Killed a skyshark
 12931 | Lair:3   | Slain by a jumping spider

Illustrated notes

Levels and vault maps discovered:
D:1:      mrwooster_arrival_statue_2, layout_loops_ring,
          minmay_misc_feat_secret_circle
D:2:      layout_loops_ring, basic_altar, uniq_robin
D:3:      layout_basic, mainiacjoe_overflow_alcove_2,
          nicolae_tso_swordbearing_angel
D:4:      cheibrodos_thug_alley, layout_gridville,
          mainiacjoe_overflow_surrounded_room, lemuel_tele_altar, slow_altar_2,
          kennysheep_decorative_pillar
D:5:      layout_basic, nicolae_overflow_hidden_temple,
          ashenzari_conservatory_becter, lemuel_mausoleum_altar_kikubaaqudgha,
          minmay_temple_entry_ruins, serial_bayou_ford_a
D:6:      layout_loops_ring, kennysheep_little_box, lightli_sewer_entry_pipes,
          minivault_26, hangedman_abyss_or_decor_passed, uniq_prince_ribbit1
D:7:      layout_cave_pods, mainiacjoe_overflow_small_starburst,
          marbit_many_paths, serial_column_ruins, column_ruins_square_small,
          column_ruins_open_small_water, column_ruins_open_tiny,
          column_ruins_open_medium, column_ruins_open_small, minmay_microvault
D:8:      layout_basic, grunt_lair_entry_orc_guard_hut, serial_shops,
          nicolae_shop_tiny_real_fake_doors,
          nicolae_ossuary_entry_false_entrances, serial_corexii_hall,
          chequers_hall_statues_corner_a, chequers_hall_statues_corner_a,
          corexii_hall_statues_i, uniq_psyche
D:9:      layout_basic, serial_shops, shop
Temple:   hellmonk_temple_flake
Lair:1:   layout_chaotic_city, patterned_corridor, uniq_gastronok
Lair:2:   layout_gridlike, infiniplex_staircase_pool_2, uniq_harold
Lair:3:   layout_regular_city, minmay_shoals_entry_beasts,
          nicolae_spider_entry_tight_spaces

Skill      XL: |  1  2  3  4  5  6  7  8  9 10 11 12 |
---------------+-------------------------------------+-----
Earth Magic    | 4 5 6 7 11 | 11.6
Spellcasting   | 3 4 5 6 |  6.0
Conjurations   | 3 |  3.0
Fighting       | 7 9 10 | 10.2
Axes           | 6 10 11 | 11.7
Transmutations | 4 6 |  6.7
Shields        | 1 |  1.6
Armour         | 1 |  1.3
Maces & Flails | |  0.2
Dodging        | |  1.7
Stealth        | |  2.4

Action                     |  1- 3 |  4- 6 |  7- 9 | 10-12 || total
---------------------------+-------+-------+-------+-------++-------
  Melee: Club              |    29 |     2 |       |       ||    31
         Spear             |       |       |     1 |    13 ||    14
   Cast: Sandblast         |    46 |    83 |   180 |   339 ||   648
         Lee's Rapid Decon |       |       |       |     2 ||     2
         Passwall          |       |       |       |     1 ||     1
 Invoke: Potion Petition   |       |       |       |     2 ||     2
Ability: Dig               |       |       |       |     1 ||     1
  Evoke: Wand              |       |       |       |     3 ||     3
    Use: Scroll            |     1 |     3 |     5 |    10 ||    19
         Potion            |       |       |       |     8 ||     8
 Armour: Robe              |    12 |     7 |    12 |     1 ||    32
         Ring mail         |       |       |       |    56 ||    56
  Dodge: Dodged            |    46 |    24 |    45 |   101 ||   216
  Block: Kite shield       |       |       |       |    66 ||    66
